Devils vs Panthers
Created - December 21, 2022 at 19:03
Goals
|
Devils |
1 |
2 |
3 |
6 |
Panthers |
0 |
0 |
2 |
2 |
|
Shots
|
Devils |
12 |
6 |
17 |
35 |
Panthers |
3 |
13 |
10 |
26 |
|
1st period
1. Devils , Nick Palmieri 5 (Tyler Ennis 16, Anton Stralman 5) at 13:13
Penalties :
Michael Del Zotto (N.J) for Tripping (Minor) at 1:35, Anze Kopitar (Flo) for Hooking (Minor) at 15:26
2nd period
2. Devils , Tyler Ennis 11 (Nazem Kadri 15) at 19:07 (PP)
3. Devils , Nick Palmieri 6 (Tyler Ennis 17, Nazem Kadri 16) at 19:25
Penalties :
Anze Kopitar (Flo) for Holding (Minor) at 19:02
3rd period
4. Panthers , Miro Aaltonen 4 (Chris Bourque 6, Kyle Okposo 5) at 2:10
5. Panthers , Anze Kopitar 7 (Kris Versteeg 5, Alexander Semin 5) at 8:03
6. Devils , Brayden Point 3 (Logan Shaw 3, Kristopher Letang 6) at 8:38
7. Devils , Tyler Ennis 12 (Nazem Kadri 17, Nick Palmieri 9) at 8:58 (PP)
8. Devils , Marian Gaborik 2 (Jonathan Huberdeau 7, Anton Stralman 6) at 14:51
Penalties :
Alexander Semin (Flo) for Unsportsmanlike conduct (Minor) at 4:27, Anze Kopitar (Flo) for Tripping (Minor) at 8:41, Nazem Kadri (N.J) for Hooking (Minor) at 9:46
Goalie Stats
Maxime Daigneault (N.J), 24 saves from 26 shots - (0.923), W, 10-5-2, 60:00 minutes
Ville Husso (Flo), 29 saves from 35 shots - (0.829), L, 2-3-1, 60:00 minutes
Players Stats for Devils
Player Name G A P +/- PIM S H SB GA TA FO MP PP MP PK MP
------------------------------------------------------------------------------------
Aleksander Barkov 0 0 0 0 0 2 1 0 1 0 6/12 17:46 1:49 1:16
Anton Lander 0 0 0 0 0 0 2 0 0 0 1/2 8:33 0:00 1:54
Anton Stralman 0 2 2 1 0 2 1 0 0 0 0/0 24:46 1:58 1:50
Brandon Carlo 0 0 0 1 0 0 0 1 0 0 0/0 18:37 0:00 2:24
Brayden Point 1 0 1 1 0 3 1 0 1 0 10/15 12:39 0:04 0:19
Chris Stewart 0 0 0 0 0 0 1 0 0 0 0/0 6:39 0:00 0:00
Eric Tangradi 0 0 0 0 0 0 2 0 0 0 0/0 8:32 0:00 1:53
Jonathan Huberdeau 0 1 1 0 0 3 2 0 0 0 0/0 17:35 1:49 1:05
Kristopher Letang 0 1 1 1 0 1 1 1 1 1 0/0 25:16 2:22 0:32
Logan Shaw 0 1 1 1 0 3 0 0 0 0 0/0 12:13 0:00 0:00
Marian Gaborik 1 0 1 0 0 3 4 1 0 0 1/1 16:30 1:49 0:00
Matt Donovan 0 0 0 0 0 1 0 2 1 0 0/0 17:47 1:58 2:10
Michael Del Zotto 0 0 0 1 2 2 2 0 1 1 0/0 20:48 2:22 1:00
Nazem Kadri 0 3 3 1 2 1 3 0 1 0 20/31 21:21 2:31 0:42
Nick Palmieri 2 1 3 1 0 3 0 0 0 0 1/2 20:33 2:27 0:00
Sven Baertschi 0 0 0 1 0 1 1 0 0 0 0/0 12:20 0:00 0:05
Thomas Hickey 0 0 0 0 0 0 1 2 0 0 0/0 12:45 0:00 0:00
Tyler Ennis 2 2 4 1 0 10 2 2 2 0 2/3 21:20 2:31 0:42
Players Stats for Panthers
Player Name G A P +/- PIM S H SB GA TA FO MP PP MP PK MP
------------------------------------------------------------------------------------
Alex Goligoski 0 0 0 -1 0 3 1 0 0 0 0/0 28:14 1:45 1:40
Alex Iafallo 0 0 0 0 0 2 3 0 0 0 0/0 8:54 0:00 1:13
Alexander Semin 0 1 1 -2 2 0 4 1 0 1 0/1 19:29 0:09 0:15
Anze Kopitar 1 0 1 -2 6 2 1 0 0 0 18/38 21:46 1:33 1:00
Beau Bennett 0 0 0 0 0 3 3 0 0 0 0/0 10:01 0:09 0:00
Chris Bourque 0 1 1 0 0 1 1 1 0 0 0/0 17:09 2:16 0:00
Dalton Prout 0 0 0 -1 0 0 2 0 0 0 0/0 18:43 2:13 1:40
Elias Lindholm 0 0 0 0 0 2 1 1 0 0 0/4 8:44 0:00 1:03
Erik Gudbranson 0 0 0 -1 0 2 3 0 0 2 0/0 29:11 1:45 2:40
Griffin Reinhart 0 0 0 -1 0 1 2 2 1 2 0/0 16:59 2:13 0:00
Kris Versteeg 0 1 1 -2 0 2 2 0 0 1 1/1 23:13 1:33 2:24
Kyle Okposo 0 1 1 0 0 2 4 0 0 1 1/2 17:47 2:16 0:38
Marek Svatos 0 0 0 0 0 2 0 0 1 0 0/0 7:41 0:00 0:00
Miro Aaltonen 1 0 1 0 0 2 1 0 0 0 4/12 17:27 2:16 0:18
Morgan Ellis 0 0 0 0 0 0 1 2 0 1 0/0 12:06 0:00 0:00
Niklas Hansson 0 0 0 0 0 0 1 2 0 0 0/0 14:47 0:00 2:40
Quinton Howden 0 0 0 0 0 1 1 0 0 0 0/5 9:52 0:00 0:00
Timo Meier 0 0 0 0 0 1 0 0 0 0 1/3 13:33 1:42 1:49
3 Stars
1 - Tyler Ennis (N.J)
2 - Nick Palmieri (N.J)
3 - Nazem Kadri (N.J)
Power Play
Devils - 2 on 4 Attempt(s) - 50.00%
Panthers - 0 on 2 Attempt(s) - 0.00%
Penalty Kill
Devils - 2 on 2 Attempt(s) - 100.00%
- Score 0 goal in Penalty Kill
Panthers - 2 on 4 Attempt(s) - 50.00%
- Score 0 goal in Penalty Kill
Team Stat
Devils - Hits : 24 - Faceoff Wins : 41 - Blocked Shots : 9 - Penalty Minutes : 4
Panthers - Hits : 31 - Faceoff Wins : 25 - Blocked Shots : 9 - Penalty Minutes : 8
Official
Referees : Brandon Blandina and Tim Peel
Linesman : Pierre Racicot and Devin Berg
Game Notes
15:39 of 3rd period - Devils goal is going for a video replay. After video review, No Goal. The puck has entered the net after making contact with an attacking player’s stick that is above the height of the crossbar.
Finance
Level 1 -- Attendance: 6000 (100.00%) -- Ticket Income $600,000
Level 2 -- Attendance: 4892 (97.84%) -- Ticket Income $293,520
Level 3 -- Attendance: 1789 (89.45%) -- Ticket Income $62,615
Level 4 -- Attendance: 4000 (100.00%) -- Ticket Income $100,000
Luxury Box -- Attendance: 906 (90.60%) -- Ticket Income $181,200
Game was played at the BBT Center.
Total Attendance: 17587 (97.71%)
Total Ticket Income: $1,237,335
Other Income: $185,600
Total Income: $1,422,935
Devils
5 vs 5 Forward
Center Left Wing Right Wing Time % Phy DF OF
1 Nazem Kadri Tyler Ennis Nick Palmieri 36 0 2 3
2 Aleksander Barkov Jonathan Huberdeau Marian Gaborik 30 0 2 3
3 Brayden Point Sven Baertschi Logan Shaw 26 0 2 3
4 Anton Lander Eric Tangradi Chris Stewart 8 0 3 2
5 vs 5 Defense
Defense Defense Time % Phy DF OF
1 Kristopher Letang Anton Stralman 40 0 3 2
2 Michael Del Zotto Brandon Carlo 34 0 3 2
3 Matt Donovan Thomas Hickey 26 0 3 2
4 Kristopher Letang Michael Del Zotto 0 0 3 2
PowerPlay Forward
Center Left Wing Right Wing Time % Phy DF OF
1 Nazem Kadri Tyler Ennis Nick Palmieri 60 0 1 4
2 Aleksander Barkov Jonathan Huberdeau Marian Gaborik 40 0 1 4
PowerPlay Defense
Defense Defense Time % Phy DF OF
1 Kristopher Letang Michael Del Zotto 60 0 2 3
2 Anton Stralman Matt Donovan 40 0 2 3
Penalty Kill 4 Players Forward
Center Wing Time % Phy DF OF
1 Anton Lander Eric Tangradi 65 1 3 1
2 Nazem Kadri Tyler Ennis 35 1 3 1
Penalty Kill 4 Players Defense
Defense Defense Time % Phy DF OF
1 Anton Stralman Brandon Carlo 60 1 4 0
2 Michael Del Zotto Matt Donovan 40 1 4 0
Penalty Kill - 3 Players Forward
Forward Time % Phy DF OF
1 Nazem Kadri 60 1 3 1
2 Aleksander Barkov 40 1 3 1
Penalty Kill - 3 Players Defense
Defense Defense Time % Phy DF OF
1 Kristopher Letang Michael Del Zotto 60 1 4 0
2 Anton Stralman Matt Donovan 40 1 4 0
4 vs 4 Forward
Center Wing Time % Phy DF OF
1 Nazem Kadri Tyler Ennis 60 0 2 3
2 Aleksander Barkov Marian Gaborik 40 0 2 3
4 vs 4 Defense
Defense Defense Time % Phy DF OF
1 Kristopher Letang Anton Stralman 60 0 3 2
2 Michael Del Zotto Matt Donovan 40 0 3 2
Last Minutes Offensive
Center Left Wing Right Wing Defense Defense
Nazem Kadri Tyler Ennis Nick Palmieri Kristopher Letang Michael Del Zotto
Last Minutes Defensive
Center Left Wing Right Wing Defense Defense
Nazem Kadri Tyler Ennis Marian Gaborik Brandon Carlo Anton Stralman
Goaltenders
Starting : Maxime Daigneault
Backup : Tyler Weiman
Extra Forwards
Normal : Brayden Point, Aleksander Barkov, Anton Lander - PP : Brayden Point, Eric Tangradi - PK : Aleksander Barkov
Extra Defensemen
Normal : Matt Donovan, Brandon Carlo, Thomas Hickey - PP : Matt Donovan - PK : Matt Donovan, Brandon Carlo
Penalty Shots
Tyler Ennis, Nazem Kadri, Brayden Point, Jonathan Huberdeau, Aleksander Barkov
Scratches
None
Panthers
5 vs 5 Forward
Center Left Wing Right Wing Time % Phy DF OF
1 Anze Kopitar Alexander Semin Kris Versteeg 40 1 2 2
2 Miro Aaltonen Chris Bourque Kyle Okposo 30 1 2 2
3 Quinton Howden Timo Meier Beau Bennett 20 1 2 2
4 Elias Lindholm Alex Iafallo Marek Svatos 10 1 2 2
5 vs 5 Defense
Defense Defense Time % Phy DF OF
1 Erik Gudbranson Alex Goligoski 40 1 2 2
2 Dalton Prout Griffin Reinhart 30 1 2 2
3 Morgan Ellis Niklas Hansson 20 1 2 2
4 Erik Gudbranson Alex Goligoski 10 1 2 2
PowerPlay Forward
Center Left Wing Right Wing Time % Phy DF OF
1 Anze Kopitar Timo Meier Kris Versteeg 60 1 2 2
2 Miro Aaltonen Chris Bourque Kyle Okposo 40 1 2 2
PowerPlay Defense
Defense Defense Time % Phy DF OF
1 Erik Gudbranson Alex Goligoski 60 1 2 2
2 Dalton Prout Griffin Reinhart 40 1 2 2
Penalty Kill 4 Players Forward
Center Wing Time % Phy DF OF
1 Anze Kopitar Kris Versteeg 60 1 2 2
2 Kyle Okposo Alexander Semin 40 1 2 2
Penalty Kill 4 Players Defense
Defense Defense Time % Phy DF OF
1 Erik Gudbranson Niklas Hansson 60 1 2 2
2 Alex Goligoski Dalton Prout 40 1 2 2
Penalty Kill - 3 Players Forward
Forward Time % Phy DF OF
1 Anze Kopitar 60 1 2 2
2 Kris Versteeg 40 1 2 2
Penalty Kill - 3 Players Defense
Defense Defense Time % Phy DF OF
1 Erik Gudbranson Niklas Hansson 60 1 2 2
2 Alex Goligoski Dalton Prout 40 1 2 2
4 vs 4 Forward
Center Wing Time % Phy DF OF
1 Anze Kopitar Kris Versteeg 60 1 2 2
2 Miro Aaltonen Timo Meier 40 1 2 2
4 vs 4 Defense
Defense Defense Time % Phy DF OF
1 Erik Gudbranson Alex Goligoski 60 1 2 2
2 Dalton Prout Griffin Reinhart 40 1 2 2
Last Minutes Offensive
Center Left Wing Right Wing Defense Defense
Anze Kopitar Timo Meier Kris Versteeg Erik Gudbranson Alex Goligoski
Last Minutes Defensive
Center Left Wing Right Wing Defense Defense
Anze Kopitar Alexander Semin Kris Versteeg Erik Gudbranson Niklas Hansson
Goaltenders
Starting : Ville Husso
Backup : Jonathan Quick
Extra Forwards
Normal : Elias Lindholm, Anze Kopitar, Timo Meier - PP : Alexander Semin, Timo Meier - PK : Timo Meier
Extra Defensemen
Normal : Morgan Ellis, Griffin Reinhart, Dalton Prout - PP : Erik Gudbranson - PK : Alex Goligoski, Niklas Hansson
Penalty Shots
Alexander Semin, Kris Versteeg, Beau Bennett, Anze Kopitar, Miro Aaltonen
Scratches
Cameron Gaunce (Broken Left Thumb Injury)
% Time on Ice - Devils
Lines # - Real PCT - Wanted PCT - Time Play
Normal Forward
1 - 35% - 36% - 18:09
2 - 28% - 30% - 14:41
3 - 24% - 26% - 12:13
4 - 13% - 8% - 6:39
Normal Defense
1 - 39% - 40% - 20:21
2 - 33% - 34% - 16:50
3 - 24% - 26% - 12:32
4 - 4% - 0% - 1:59
PP Forward
1 - 58% - 60% - 2:31
2 - 42% - 40% - 1:49
PP Defense
1 - 55% - 60% - 2:22
2 - 45% - 40% - 1:58
PK Forward
1 - 82% - 65% - 3:16
2 - 18% - 35% - 0:42
PK Defense
1 - 44% - 60% - 1:45
2 - 56% - 40% - 2:13
PK3 Forward
1 - 0% - 60%
2 - 0% - 40%
PK3 Defense
1 - 0% - 60%
2 - 0% - 40%
44 Forward
1 - 0% - 60%
2 - 0% - 40%
44 Defense
1 - 0% - 60%
2 - 0% - 40%
Last Minute Offensive - 0:00
Last Minute Defensive - 0:00
Total
Forward - 60:00
Defense - 60:00
|
% Time on Ice - Panthers
Lines # - Real PCT - Wanted PCT - Time Play
Normal Forward
1 - 37% - 40% - 19:16
2 - 29% - 30% - 14:53
3 - 19% - 20% - 9:52
4 - 15% - 10% - 7:41
Normal Defense
1 - 41% - 40% - 21:09
2 - 29% - 30% - 14:50
3 - 23% - 20% - 12:06
4 - 7% - 10% - 3:37
PP Forward
1 - 43% - 60% - 1:42
2 - 57% - 40% - 2:16
PP Defense
1 - 44% - 60% - 1:45
2 - 56% - 40% - 2:13
PK Forward
1 - 85% - 60% - 3:42
2 - 15% - 40% - 0:38
PK Defense
1 - 62% - 60% - 2:40
2 - 38% - 40% - 1:40
PK3 Forward
1 - 0% - 60%
2 - 0% - 40%
PK3 Defense
1 - 0% - 60%
2 - 0% - 40%
44 Forward
1 - 0% - 60%
2 - 0% - 40%
44 Defense
1 - 0% - 60%
2 - 0% - 40%
Last Minute Offensive - 0:00
Last Minute Defensive - 0:00
Total
Forward - 60:00
Defense - 60:00
|
Play-by-Play
1st period
0:01 of 1st period - Anze Kopitar wins face-off versus Nazem Kadri in neutral zone.
0:55 of 1st period - Griffin Reinhart is hit by Brayden Point and loses puck.
1:00 of 1st period - Wrist shot by Brayden Point.
1:00 of 1st period - Stopped by Ville Husso with a rebound.
1:02 of 1st period - Slapshot by Anton Stralman.
1:02 of 1st period - Stopped by Ville Husso with a rebound.
1:12 of 1st period - Snap shot by Marek Svatos.
1:12 of 1st period - Deflect By Michael Del Zotto.
1:12 of 1st period - Stopped by Maxime Daigneault with a rebound.
1:14 of 1st period - Slapshot by Griffin Reinhart.
1:14 of 1st period - Shot Blocked by Brandon Carlo.
1:35 of 1st period - Minor Penalty to Michael Del Zotto for Tripping.
1:36 of 1st period - Anze Kopitar wins face-off versus Anton Lander in Devils zone.
1:40 of 1st period - Wrist shot by Timo Meier.
1:40 of 1st period - Shot Misses the Net.
3:19 of 1st period - Kyle Okposo is hit by Nazem Kadri and loses puck.
3:35 of 1st period - Penalty to Michael Del Zotto is over, Michael Del Zotto is back on ice.
4:06 of 1st period - Aleksander Barkov is hit by Alexander Semin and loses puck.
4:15 of 1st period - Slapshot by Jonathan Huberdeau.
4:15 of 1st period - Stopped by Ville Husso with a rebound.
5:21 of 1st period - Wrist shot by Aleksander Barkov.
5:21 of 1st period - Shot Misses the Net.
5:23 of 1st period - Slapshot by Marian Gaborik.
5:23 of 1st period - Shot Blocked by Niklas Hansson.
5:25 of 1st period - Wrist shot by Marian Gaborik.
5:25 of 1st period - Shot Blocked by Morgan Ellis.
5:27 of 1st period - Slapshot by Kristopher Letang.
5:27 of 1st period - Shot Blocked by Morgan Ellis.
5:29 of 1st period - Wrist shot by Jonathan Huberdeau.
5:29 of 1st period - Shot Misses the Net.
5:31 of 1st period - Wrist shot by Kristopher Letang.
5:31 of 1st period - Stopped by Ville Husso with a rebound.
5:33 of 1st period - Wrist shot by Jonathan Huberdeau.
5:33 of 1st period - Stopped by Ville Husso without a rebound.
5:34 of 1st period - Nazem Kadri wins face-off versus Anze Kopitar in Panthers zone.
5:39 of 1st period - Snap shot by Tyler Ennis.
5:39 of 1st period - Stopped by Ville Husso without a rebound.
5:40 of 1st period - Nazem Kadri wins face-off versus Anze Kopitar in Panthers zone.
5:43 of 1st period - Slapshot by Tyler Ennis.
5:43 of 1st period - Stopped by Ville Husso with a rebound.
6:27 of 1st period - Wrist shot by Matt Donovan.
6:27 of 1st period - Stopped by Ville Husso with a rebound.
6:35 of 1st period - Dalton Prout is hit by Chris Stewart and loses puck.
8:22 of 1st period - Matt Donovan is hit by Griffin Reinhart and loses puck.
8:40 of 1st period - Kristopher Letang is hit by Kyle Okposo.
8:57 of 1st period - Niklas Hansson is hit by Sven Baertschi and loses puck.
9:39 of 1st period - Marek Svatos is hit by Eric Tangradi.
10:37 of 1st period - Dalton Prout is hit by Tyler Ennis and loses puck.
11:01 of 1st period - Niklas Hansson is hit by Jonathan Huberdeau and loses puck.
11:16 of 1st period - Morgan Ellis is hit by Thomas Hickey.
11:29 of 1st period - Kris Versteeg is hit by Anton Lander and loses puck.
11:40 of 1st period - Anton Stralman is hit by Erik Gudbranson and loses puck.
12:03 of 1st period - Niklas Hansson is hit by Michael Del Zotto and loses puck.
12:50 of 1st period - Brandon Carlo is hit by Alex Iafallo and loses puck.
13:07 of 1st period - Off-side.
13:08 of 1st period - Nick Palmieri wins face-off versus Anze Kopitar in neutral zone.
13:11 of 1st period - Slapshot by Anton Stralman.
13:11 of 1st period - Deflect By Tyler Ennis.
13:11 of 1st period - Stopped by Ville Husso with a rebound.
13:13 of 1st period - Snap shot by Nick Palmieri.
13:13 of 1st period - Goal by Nick Palmieri - Devils : 1 - Panthers : 0.
13:14 of 1st period - Nazem Kadri wins face-off versus Anze Kopitar in neutral zone.
13:31 of 1st period - Snap shot by Alex Goligoski.
13:31 of 1st period - Stopped by Maxime Daigneault without a rebound.
13:32 of 1st period - Brayden Point wins face-off versus Miro Aaltonen in Devils zone.
13:45 of 1st period - Wrist shot by Sven Baertschi.
13:45 of 1st period - Shot Misses the Net.
15:09 of 1st period - Wrist shot by Tyler Ennis.
15:09 of 1st period - Shot Blocked by Elias Lindholm.
15:11 of 1st period - Snap shot by Tyler Ennis.
15:11 of 1st period - Stopped by Ville Husso without a rebound.
15:12 of 1st period - Nazem Kadri wins face-off versus Alexander Semin in Panthers zone.
15:26 of 1st period - Minor Penalty to Anze Kopitar for Hooking.
15:27 of 1st period - Timo Meier wins face-off versus Nick Palmieri in Panthers zone.
16:51 of 1st period - Nazem Kadri is hit by Niklas Hansson.
17:26 of 1st period - Penalty to Anze Kopitar is over, Anze Kopitar is back on ice.
17:51 of 1st period - Slapshot by Anton Stralman.
17:51 of 1st period - Stopped by Ville Husso with a rebound.
17:57 of 1st period - Chris Stewart is hit by Beau Bennett and loses puck.
18:14 of 1st period - Anton Lander is hit by Erik Gudbranson.
19:27 of 1st period - Alex Iafallo is hit by Marian Gaborik and loses puck.
19:40 of 1st period - Wrist shot by Alexander Semin.
19:40 of 1st period - Deflect By Anze Kopitar.
19:40 of 1st period - Stopped by Maxime Daigneault without a rebound.
19:41 of 1st period - Anze Kopitar wins face-off versus Brayden Point in Devils zone.
19:44 of 1st period - Snap shot by Anze Kopitar.
19:44 of 1st period - Shot Blocked by Kristopher Letang.
19:54 of 1st period - Kris Versteeg is hit by Anton Stralman and loses puck.
Goals for this period are 1 for Devils vs 0 for Panthers.
Shots for this period are 12 for Devils vs 3 for Panthers.
2nd period
0:01 of 2nd period - Anze Kopitar wins face-off versus Nazem Kadri in neutral zone.
0:14 of 2nd period - Wrist shot by Alexander Semin.
0:14 of 2nd period - Shot Misses the Net.
0:16 of 2nd period - Snap shot by Alexander Semin.
0:16 of 2nd period - Shot Blocked by Tyler Ennis.
1:13 of 2nd period - Nazem Kadri is hit by Kris Versteeg and loses puck.
1:30 of 2nd period - Snap shot by Marek Svatos.
1:30 of 2nd period - Deflect By Elias Lindholm.
1:30 of 2nd period - Shot Misses the Net.
1:30 of 2nd period - Puck is out of play.
1:31 of 2nd period - Aleksander Barkov wins face-off versus Elias Lindholm in Devils zone.
1:33 of 2nd period - Icing by Matt Donovan.
1:34 of 2nd period - Kris Versteeg wins face-off versus Aleksander Barkov in Devils zone.
1:48 of 2nd period - Slapshot by Jonathan Huberdeau.
1:48 of 2nd period - Shot Misses the Net.
2:02 of 2nd period - Snap shot by Chris Bourque.
2:02 of 2nd period - Shot Blocked by Tyler Ennis.
2:04 of 2nd period - Backhand shot by Erik Gudbranson.
2:04 of 2nd period - Stopped by Maxime Daigneault without a rebound.
2:05 of 2nd period - Miro Aaltonen wins face-off versus Nazem Kadri in Devils zone.
2:10 of 2nd period - Snap shot by Kyle Okposo.
2:10 of 2nd period - Stopped by Maxime Daigneault without a rebound.
2:11 of 2nd period - Kyle Okposo wins face-off versus Nazem Kadri in Devils zone.
3:05 of 2nd period - Wrist shot by Beau Bennett.
3:05 of 2nd period - Shot Misses the Net.
3:41 of 2nd period - Kris Versteeg is hit by Tyler Ennis and loses puck.
4:02 of 2nd period - Aleksander Barkov is hit by Morgan Ellis and loses puck.
4:25 of 2nd period - Thomas Hickey is hit by Miro Aaltonen and loses puck.
4:48 of 2nd period - Snap shot by Elias Lindholm.
4:48 of 2nd period - Stopped by Maxime Daigneault without a rebound.
4:49 of 2nd period - Brayden Point wins face-off versus Elias Lindholm in Devils zone.
4:58 of 2nd period - Brayden Point is hit by Alex Iafallo and loses puck.
5:11 of 2nd period - Snap shot by Elias Lindholm.
5:11 of 2nd period - Stopped by Maxime Daigneault with a rebound.
5:13 of 2nd period - Wrist shot by Marek Svatos.
5:13 of 2nd period - Stopped by Maxime Daigneault without a rebound.
5:14 of 2nd period - Nazem Kadri wins face-off versus Anze Kopitar in Devils zone.
6:29 of 2nd period - Wrist shot by Alex Iafallo.
6:29 of 2nd period - Stopped by Maxime Daigneault with a rebound.
6:31 of 2nd period - Slapshot by Erik Gudbranson.
6:31 of 2nd period - Stopped by Maxime Daigneault without a rebound.
6:32 of 2nd period - Nazem Kadri wins face-off versus Anze Kopitar in Devils zone.
7:29 of 2nd period - Wrist shot by Beau Bennett.
7:29 of 2nd period - Stopped by Maxime Daigneault without a rebound.
7:30 of 2nd period - Nazem Kadri wins face-off versus Anze Kopitar in Devils zone.
7:49 of 2nd period - Nick Palmieri is hit by Alexander Semin and loses puck.
8:06 of 2nd period - Wrist shot by Marian Gaborik.
8:06 of 2nd period - Shot Blocked by Griffin Reinhart.
8:25 of 2nd period - Off-side.
8:26 of 2nd period - Brayden Point wins face-off versus Quinton Howden in neutral zone.
9:15 of 2nd period - Slapshot by Erik Gudbranson.
9:15 of 2nd period - Shot Misses the Net.
9:29 of 2nd period - Marian Gaborik is hit by Kyle Okposo and loses puck.
10:08 of 2nd period - Snap shot by Nazem Kadri.
10:08 of 2nd period - Shot Misses the Net.
10:10 of 2nd period - Snap shot by Nick Palmieri.
10:10 of 2nd period - Stopped by Ville Husso without a rebound.
10:11 of 2nd period - Nazem Kadri wins face-off versus Elias Lindholm in Panthers zone.
10:36 of 2nd period - Griffin Reinhart is hit by Marian Gaborik and loses puck.
10:57 of 2nd period - Anton Stralman is hit by Quinton Howden and loses puck.
11:03 of 2nd period - Icing by Aleksander Barkov.
11:04 of 2nd period - Aleksander Barkov wins face-off versus Quinton Howden in Devils zone.
11:21 of 2nd period - Wrist shot by Beau Bennett.
11:21 of 2nd period - Stopped by Maxime Daigneault without a rebound.
11:22 of 2nd period - Anze Kopitar wins face-off versus Nazem Kadri in Devils zone.
11:23 of 2nd period - Wrist shot by Alexander Semin.
11:23 of 2nd period - Shot Misses the Net.
11:54 of 2nd period - Snap shot by Logan Shaw.
11:54 of 2nd period - Shot Misses the Net.
11:56 of 2nd period - Snap shot by Brayden Point.
11:56 of 2nd period - Shot Misses the Net.
12:08 of 2nd period - Eric Tangradi is hit by Beau Bennett and loses puck.
12:39 of 2nd period - Slapshot by Elias Lindholm.
12:39 of 2nd period - Shot Misses the Net.
13:09 of 2nd period - Tyler Ennis is hit by Kyle Okposo and loses puck.
13:17 of 2nd period - Off-side.
13:18 of 2nd period - Anze Kopitar wins face-off versus Brayden Point in neutral zone.
13:20 of 2nd period - Off-side.
13:21 of 2nd period - Brayden Point wins face-off versus Anze Kopitar in neutral zone.
13:27 of 2nd period - Icing by Kris Versteeg.
13:28 of 2nd period - Brayden Point wins face-off versus Anze Kopitar in Panthers zone.
13:29 of 2nd period - Wrist shot by Sven Baertschi.
13:29 of 2nd period - Stopped by Ville Husso without a rebound.
13:30 of 2nd period - Anze Kopitar wins face-off versus Tyler Ennis in Panthers zone.
13:56 of 2nd period - Brandon Carlo is hit by Chris Bourque and loses puck.
14:01 of 2nd period - Slapshot by Miro Aaltonen.
14:01 of 2nd period - Stopped by Maxime Daigneault without a rebound.
14:02 of 2nd period - Aleksander Barkov wins face-off versus Miro Aaltonen in Devils zone.
14:17 of 2nd period - Wrist shot by Kyle Okposo.
14:17 of 2nd period - Stopped by Maxime Daigneault with a rebound.
14:59 of 2nd period - Nazem Kadri is hit by Dalton Prout and loses puck.
15:14 of 2nd period - Alex Goligoski is hit by Michael Del Zotto and loses puck.
15:37 of 2nd period - Alex Iafallo is hit by Jonathan Huberdeau.
15:41 of 2nd period - Aleksander Barkov is hit by Elias Lindholm.
16:32 of 2nd period - Matt Donovan is hit by Anze Kopitar and loses puck.
16:51 of 2nd period - Slapshot by Aleksander Barkov.
16:51 of 2nd period - Stopped by Ville Husso with a rebound.
17:15 of 2nd period - Chris Stewart is hit by Alex Iafallo.
17:39 of 2nd period - Snap shot by Kris Versteeg.
17:39 of 2nd period - Shot Hit the Post.
17:53 of 2nd period - Kris Versteeg is hit by Marian Gaborik.
18:13 of 2nd period - Slapshot by Tyler Ennis.
18:13 of 2nd period - Stopped by Ville Husso without a rebound.
18:14 of 2nd period - Nazem Kadri wins face-off versus Miro Aaltonen in Panthers zone.
18:52 of 2nd period - Slapshot by Beau Bennett.
18:52 of 2nd period - Stopped by Maxime Daigneault without a rebound.
18:53 of 2nd period - Nazem Kadri wins face-off versus Anze Kopitar in Devils zone.
18:53 of 2nd period - Nazem Kadri is hit by Dalton Prout.
19:02 of 2nd period - Minor Penalty to Anze Kopitar for Holding.
19:03 of 2nd period - Nazem Kadri wins face-off versus Timo Meier in Panthers zone.
19:03 of 2nd period - Slapshot by Tyler Ennis.
19:03 of 2nd period - Shot Misses the Net.
19:07 of 2nd period - Snap shot by Tyler Ennis.
19:07 of 2nd period - Goal by Tyler Ennis - Devils : 2 - Panthers : 0.
19:08 of 2nd period - Anze Kopitar wins face-off versus Nazem Kadri in neutral zone.
19:11 of 2nd period - Snap shot by Alex Goligoski.
19:11 of 2nd period - Stopped by Maxime Daigneault with a rebound.
19:23 of 2nd period - Snap shot by Tyler Ennis.
19:23 of 2nd period - Shot Misses the Net.
19:25 of 2nd period - Wrist shot by Nick Palmieri.
19:25 of 2nd period - Goal by Nick Palmieri - Devils : 3 - Panthers : 0.
19:26 of 2nd period - Nazem Kadri wins face-off versus Anze Kopitar in neutral zone.
Goals for this period are 2 for Devils vs 0 for Panthers.
Shots for this period are 6 for Devils vs 13 for Panthers.
3rd period
0:01 of 3rd period - Nazem Kadri wins face-off versus Anze Kopitar in neutral zone.
0:10 of 3rd period - Snap shot by Michael Del Zotto.
0:10 of 3rd period - Stopped by Ville Husso without a rebound.
0:11 of 3rd period - Nazem Kadri wins face-off versus Anze Kopitar in Panthers zone.
0:51 of 3rd period - Wrist shot by Anze Kopitar.
0:51 of 3rd period - Shot Misses the Net.
1:52 of 3rd period - Snap shot by Alexander Semin.
1:52 of 3rd period - Deflect By Kris Versteeg.
1:52 of 3rd period - Shot Misses the Net.
1:52 of 3rd period - Puck is out of play.
1:53 of 3rd period - Aleksander Barkov wins face-off versus Miro Aaltonen in Devils zone.
2:10 of 3rd period - Wrist shot by Miro Aaltonen.
2:10 of 3rd period - Goal by Miro Aaltonen - Devils : 3 - Panthers : 1.
2:11 of 3rd period - Brayden Point wins face-off versus Miro Aaltonen in neutral zone.
2:14 of 3rd period - Slapshot by Kristopher Letang.
2:14 of 3rd period - Deflect By Logan Shaw.
2:14 of 3rd period - Stopped by Ville Husso without a rebound.
2:15 of 3rd period - Brayden Point wins face-off versus Miro Aaltonen in Panthers zone.
2:18 of 3rd period - Wrist shot by Sven Baertschi.
2:18 of 3rd period - Shot Misses the Net.
2:20 of 3rd period - Snap shot by Sven Baertschi.
2:20 of 3rd period - Shot Misses the Net.
2:22 of 3rd period - Wrist shot by Brayden Point.
2:22 of 3rd period - Stopped by Ville Husso with a rebound.
2:24 of 3rd period - Slapshot by Logan Shaw.
2:24 of 3rd period - Stopped by Ville Husso with a rebound.
2:26 of 3rd period - Snap shot by Logan Shaw.
2:26 of 3rd period - Stopped by Ville Husso without a rebound.
2:27 of 3rd period - Miro Aaltonen wins face-off versus Aleksander Barkov in Panthers zone.
2:43 of 3rd period - Off-side.
2:44 of 3rd period - Brayden Point wins face-off versus Anze Kopitar in neutral zone.
2:51 of 3rd period - Slapshot by Brayden Point.
2:51 of 3rd period - Shot Blocked by Alexander Semin.
2:53 of 3rd period - Snap shot by Sven Baertschi.
2:53 of 3rd period - Deflect By Brayden Point.
2:53 of 3rd period - Shot Misses the Net.
2:53 of 3rd period - Puck is out of play.
2:54 of 3rd period - Anze Kopitar wins face-off versus Brayden Point in Panthers zone.
3:02 of 3rd period - Icing by Alexander Semin.
3:03 of 3rd period - Anze Kopitar wins face-off versus Nazem Kadri in Panthers zone.
3:25 of 3rd period - Kristopher Letang is hit by Kris Versteeg and loses puck.
3:29 of 3rd period - Icing by Kristopher Letang.
3:30 of 3rd period - Aleksander Barkov wins face-off versus Kyle Okposo in Devils zone.
3:47 of 3rd period - Miro Aaltonen is hit by Aleksander Barkov and loses puck.
4:18 of 3rd period - Snap shot by Aleksander Barkov.
4:18 of 3rd period - Stopped by Ville Husso with a rebound.
4:20 of 3rd period - Wrist shot by Aleksander Barkov.
4:20 of 3rd period - Shot Hit the Post.
4:22 of 3rd period - Wrist shot by Marian Gaborik.
4:22 of 3rd period - Stopped by Ville Husso without a rebound.
4:23 of 3rd period - Tyler Ennis wins face-off versus Anze Kopitar in Panthers zone.
4:27 of 3rd period - Minor Penalty to Alexander Semin for Unsportsmanlike conduct.
4:28 of 3rd period - Anze Kopitar wins face-off versus Nazem Kadri in Panthers zone.
4:44 of 3rd period - Slapshot by Tyler Ennis.
4:44 of 3rd period - Shot Blocked by Niklas Hansson.
4:54 of 3rd period - Kris Versteeg is hit by Kristopher Letang and loses puck.
5:25 of 3rd period - Anton Stralman is hit by Alex Goligoski and loses puck.
6:27 of 3rd period - Penalty to Alexander Semin is over, Alexander Semin is back on ice.
6:36 of 3rd period - Wrist shot by Timo Meier.
6:36 of 3rd period - Stopped by Maxime Daigneault without a rebound.
6:37 of 3rd period - Brayden Point wins face-off versus Quinton Howden in Devils zone.
7:03 of 3rd period - Alex Goligoski is hit by Anton Lander.
7:47 of 3rd period - Off-side.
7:48 of 3rd period - Nazem Kadri wins face-off versus Anze Kopitar in neutral zone.
8:03 of 3rd period - Snap shot by Anze Kopitar.
8:03 of 3rd period - Goal by Anze Kopitar - Devils : 3 - Panthers : 2.
8:04 of 3rd period - Nazem Kadri wins face-off versus Anze Kopitar in neutral zone.
8:36 of 3rd period - Snap shot by Brayden Point.
8:36 of 3rd period - Shot Misses the Net.
8:38 of 3rd period - Snap shot by Brayden Point.
8:38 of 3rd period - Goal by Brayden Point - Devils : 4 - Panthers : 2.
8:39 of 3rd period - Anze Kopitar wins face-off versus Nazem Kadri in neutral zone.
8:41 of 3rd period - Minor Penalty to Anze Kopitar for Tripping.
8:42 of 3rd period - Nazem Kadri wins face-off versus Timo Meier in Panthers zone.
8:56 of 3rd period - Slapshot by Tyler Ennis.
8:56 of 3rd period - Stopped by Ville Husso with a rebound.
8:58 of 3rd period - Wrist shot by Tyler Ennis.
8:58 of 3rd period - Goal by Tyler Ennis - Devils : 5 - Panthers : 2.
8:59 of 3rd period - Nazem Kadri wins face-off versus Anze Kopitar in neutral zone.
9:24 of 3rd period - Alex Goligoski is hit by Nazem Kadri and loses puck.
9:46 of 3rd period - Minor Penalty to Nazem Kadri for Hooking.
9:47 of 3rd period - Anton Lander wins face-off versus Miro Aaltonen in Devils zone.
9:47 of 3rd period - Anton Lander is hit by Griffin Reinhart.
11:16 of 3rd period - Timo Meier is hit by Eric Tangradi and loses puck.
11:46 of 3rd period - Penalty to Nazem Kadri is over, Nazem Kadri is back on ice.
11:55 of 3rd period - Slapshot by Tyler Ennis.
11:55 of 3rd period - Stopped by Ville Husso without a rebound.
11:56 of 3rd period - Tyler Ennis wins face-off versus Elias Lindholm in Panthers zone.
12:25 of 3rd period - Snap shot by Tyler Ennis.
12:25 of 3rd period - Stopped by Ville Husso without a rebound.
12:26 of 3rd period - Anze Kopitar wins face-off versus Aleksander Barkov in Panthers zone.
13:17 of 3rd period - Nazem Kadri is hit by Beau Bennett and loses puck.
13:22 of 3rd period - Wrist shot by Quinton Howden.
13:22 of 3rd period - Stopped by Maxime Daigneault without a rebound.
13:23 of 3rd period - Anze Kopitar wins face-off versus Aleksander Barkov in Devils zone.
13:32 of 3rd period - Wrist shot by Kris Versteeg.
13:32 of 3rd period - Shot Blocked by Thomas Hickey.
13:34 of 3rd period - Snap shot by Alexander Semin.
13:34 of 3rd period - Shot Blocked by Matt Donovan.
14:37 of 3rd period - Slapshot by Alex Iafallo.
14:37 of 3rd period - Deflect By Thomas Hickey.
14:37 of 3rd period - Stopped by Maxime Daigneault with a rebound.
14:39 of 3rd period - Snap shot by Elias Lindholm.
14:39 of 3rd period - Shot Blocked by Matt Donovan.
14:41 of 3rd period - Slapshot by Erik Gudbranson.
14:41 of 3rd period - Deflect By Marek Svatos.
14:41 of 3rd period - Shot Blocked by Thomas Hickey.
14:41 of 3rd period - Puck is out of play.
14:42 of 3rd period - Marian Gaborik wins face-off versus Anze Kopitar in Devils zone.
14:46 of 3rd period - Anton Stralman is hit by Alexander Semin and loses puck.
14:51 of 3rd period - Wrist shot by Marian Gaborik.
14:51 of 3rd period - Goal by Marian Gaborik - Devils : 6 - Panthers : 2.
14:52 of 3rd period - Brayden Point wins face-off versus Anze Kopitar in neutral zone.
14:52 of 3rd period - Brayden Point is hit by Alexander Semin.
14:55 of 3rd period - Anton Stralman is hit by Erik Gudbranson and loses puck.
15:19 of 3rd period - Off-side.
15:20 of 3rd period - Miro Aaltonen wins face-off versus Aleksander Barkov in neutral zone.
15:33 of 3rd period - Slapshot by Marian Gaborik.
15:33 of 3rd period - Stopped by Ville Husso with a rebound.
15:35 of 3rd period - Snap shot by Jonathan Huberdeau.
15:35 of 3rd period - Shot Blocked by Griffin Reinhart.
15:37 of 3rd period - Snap shot by Michael Del Zotto.
15:37 of 3rd period - Shot Blocked by Chris Bourque.
15:39 of 3rd period - Slapshot by Michael Del Zotto.
15:39 of 3rd period - Devils goal is going for a video replay.
15:39 of 3rd period - The goal is refused. The puck has entered the net after making contact with an attacking player’s stick that is above the height of the crossbar..
15:40 of 3rd period - Anze Kopitar wins face-off versus Nazem Kadri in Panthers zone.
16:09 of 3rd period - Snap shot by Alex Goligoski.
16:09 of 3rd period - Stopped by Maxime Daigneault without a rebound.
16:10 of 3rd period - Miro Aaltonen wins face-off versus Brayden Point in Devils zone.
16:11 of 3rd period - Snap shot by Chris Bourque.
16:11 of 3rd period - Stopped by Maxime Daigneault without a rebound.
16:12 of 3rd period - Aleksander Barkov wins face-off versus Miro Aaltonen in Devils zone.
16:29 of 3rd period - Slapshot by Chris Bourque.
16:29 of 3rd period - Shot Blocked by Marian Gaborik.
16:31 of 3rd period - Snap shot by Kyle Okposo.
16:31 of 3rd period - Shot Misses the Net.
16:33 of 3rd period - Slapshot by Griffin Reinhart.
16:33 of 3rd period - Stopped by Maxime Daigneault without a rebound.
16:34 of 3rd period - Anze Kopitar wins face-off versus Nazem Kadri in Devils zone.
16:43 of 3rd period - Erik Gudbranson is hit by Nazem Kadri and loses puck.
17:10 of 3rd period - Off-side.
17:11 of 3rd period - Nazem Kadri wins face-off versus Quinton Howden in neutral zone.
17:38 of 3rd period - Dalton Prout is hit by Marian Gaborik and loses puck.
17:43 of 3rd period - Wrist shot by Jonathan Huberdeau.
17:43 of 3rd period - Stopped by Ville Husso with a rebound.
18:38 of 3rd period - Icing by Beau Bennett.
18:39 of 3rd period - Nazem Kadri wins face-off versus Quinton Howden in Panthers zone.
18:44 of 3rd period - Snap shot by Nazem Kadri.
18:44 of 3rd period - Stopped by Ville Husso without a rebound.
18:45 of 3rd period - Anze Kopitar wins face-off versus Aleksander Barkov in Panthers zone.
18:58 of 3rd period - Snap shot by Kris Versteeg.
18:58 of 3rd period - Stopped by Maxime Daigneault without a rebound.
18:59 of 3rd period - Anze Kopitar wins face-off versus Brayden Point in Devils zone.
19:12 of 3rd period - Wrist shot by Kris Versteeg.
19:12 of 3rd period - Stopped by Maxime Daigneault with a rebound.
19:24 of 3rd period - Nazem Kadri is hit by Kyle Okposo.
Goals for this period are 3 for Devils vs 2 for Panthers.
Shots for this period are 17 for Devils vs 10 for Panthers.